 Dungeon Crawl Stone Soup version 0.27.1-4-g1640c2035a (webtiles) character file.

Game seed: 1403879978608653082

145 Gunterle the Bolt Thrower (level 5, -4/45 HPs)
             Began as a Minotaur Hunter on Nov 18, 2021.
             Slain by Natasha (11 damage)
             ... on level 3 of the Dungeon.
             The game lasted 00:07:43 (2417 turns).

Gunterle the Bolt Thrower (Minotaur Hunter)         Turns: 2417, Time: 00:07:44

Health: -4/45      AC:  3    Str: 17    XL:     5   Next: 6%
Magic:  4/4        EV: 12    Int:  8    God:
Gold:   79         SH:  0    Dex: 11    Spells: 4/4 levels left

rFire    . . .     SeeInvis .   e - +0 long sword
rCold    . . .     Faith    .   (no shield)
rNeg     . . .     Spirit   .   c - +0 leather armour
rPois    .         Reflect  .   (helmet restricted)
rElec    .         Harm     .   (no cloak)
rCorr    .         Rampage  .   (no gloves)
Will     .....                  (no boots)
Stlth    +.........             t - amulet of magic regeneration
HPRegen  0.15/turn              (no ring)
MPRegen  0.34/turn              (no ring)

@: hasted, very quick
A: horns 2, retaliatory headbutt
a: no special abilities


You were on level 3 of the Dungeon.
You visited 1 branch of the dungeon, and saw 3 of its levels.

You collected 79 gold pieces.

Inventory:

Hand Weapons
 a - a +2 hand crossbow
 b - a +0 short sword
 e - a +0 long sword (weapon)
 u - a +0 spear
Missiles
 d - 19 bolts
 f - 113 stones
 l - 25 arrows
 o - 7 curare-tipped darts
 r - 13 poisoned darts (quivered)
Armour
 c - a +0 leather armour (worn)
 i - a +0 ring mail
 j - +0 gold dragon scales
Jewellery
 g - an amulet of faith
 t - an amulet of magic regeneration (around neck)
Scrolls
 k - 2 scrolls of teleportation
 m - a scroll of summoning {unknown}
 p - 2 scrolls of enchant weapon
 s - a scroll of fog {unknown}
Potions
 h - a potion of curing
 n - a potion of cancellation


   Skills:
 + Level 3.3 Fighting
 * Level 5.4 Crossbows
 * Level 2.9 Armour
 - Level 2.3 Dodging
 + Level 1.8 Stealth


You had 4 spell levels left.
You didn't know any spells.
Your spell library was empty.

Dungeon Overview and Level Annotations

Branches:
Dungeon (3/15)

Altars:

Annotations:
D:3 Natasha


Innate Abilities, Weirdness & Mutations

You have a pair of horns on your head.
You reflexively headbutt those who attack you in melee.


Message History

a +0 club; a stone
Items here: )) ††.
Items here: )) ††.
Throw: 14 darts (poison)
Press: ? - help, Q - select action, (/) - cycle Shift-Dir - straight line, f - endoplasm
Aim: an endoplasm (wandering, hasn't noticed you, 85% to hit)
You throw a poisoned dart. The poisoned dart hits the endoplasm.
The endoplasm is poisoned.
Unknown command.
You barely miss the endoplasm.
The endoplasm looks more healthy.
The endoplasm freezes you.
You are frozen.
The endoplasm freezes you.
You are frozen.
You barely miss the endoplasm.
The endoplasm is heavily wounded.
The endoplasm closely misses you. You furiously retaliate!
You headbutt the endoplasm!
You kill the endoplasm!
Unknown command.
You start resting.
Natasha, Servant of Life and Death comes into view.
Natasha drinks a potion.
Natasha seems to grow stronger.
You barely miss Natasha. Your headbutt misses Natasha. Natasha claws you!
You closely miss Natasha.
Natasha mumbles some strange words.
Natasha's front paws start to glow.
Natasha misses you. You furiously retaliate!
You headbutt Natasha.
You riposte.
You barely miss Natasha. Your headbutt misses Natasha.
Natasha is lightly wounded.
Natasha claws you!
* * * LOW HITPOINT WARNING * * *
It was a potion of curing.
You feel better.
Natasha stares at you and mumbles some strange words.
The magic dart hits you!
* * * LOW HITPOINT WARNING * * *
It was a potion of cancellation.
You feel magically purged. Natasha claws you but does no damage.
It was a potion of haste.
You feel yourself speed up. Natasha claws you!
You die...

....# #......# ###.#
##.####.# #.#....
#.####...## ......
#......#..# #.#..#
######....# #.#..# #
# ##.#.# #.#..#.#.#
#.#.## ##.#......#
#....######(.......##
##.....h@)...........
#...####.#........##
#...# #.##.#..#.##
#...# #.##....J...
.....# #.####..#....
####... #.# ....##
.... ..# #.### ....
..# .# #.#


You could see Natasha (strong).

Vanquished Creatures
  Jessica (D:2)
  Natasha (D:3)
  A gnoll (D:1)
  2 adders (D:2)
  A dart slug (D:2)
  7 endoplasms
  5 giant cockroaches
  6 goblins
  3 hobgoblins
  6 kobolds
  4 quokkas
  8 ball pythons
  6 bats
  11 frilled lizards (D:2)
  4 rats
66 creatures vanquished.

Vanquished Creatures (others)
  5 plants (D:2)
5 creatures vanquished.

Grand Total: 71 creatures vanquished

Notes
Turn   | Place    | Note
-------+----------+-------------------------------------------
     0 | D:1      | Gunterle the Minotaur Hunter began the quest for the Orb.
     0 | D:1      | Reached XP level 1. HP: 18/18 MP: 0/0
   314 | D:1      | Reached skill level 1 in Stealth
   314 | D:1      | Reached XP level 2. HP: 25/25 MP: 1/1
   476 | D:1      | Reached skill level 1 in Armour
   513 | D:1      | Reached XP level 3. HP: 29/30 MP: 2/2
  1128 | D:2      | Noticed Jessica
  1352 | D:2      | Reached skill level 5 in Crossbows
  1429 | D:2      | Killed Jessica
  1430 | D:2      | Reached XP level 4. HP: 37/38 MP: 3/3
  2045 | D:3      | Found a faded altar of an unknown god.
  2319 | D:3      | Noticed Natasha
  2330 | D:3      | Killed Natasha
  2331 | D:3      | Reached XP level 5. HP: 18/45 MP: 4/4
  2409 | D:3      | Noticed Natasha
  2417 | D:3      | Slain by Natasha

Illustrated notes

Levels and vault maps discovered:
D:1:      psy_arrival_fountain, layout_basic, item_on_display_a
D:2:      layout_rooms, minmay_lizard_king, uniq_jessica
D:3:      layout_loops_ring, shapermc_ecumenical_altar_totnotflames,
          uniq_natasha

Skill      XL: |  1  2  3 |
---------------+----------+-----
Stealth        | 1 |  1.8
Armour         | 1 2 |  2.9
Fighting       | 3 |  3.3
Crossbows      | 5 |  5.4
Dodging        | |  2.3

Action                   |  1- 3 |  4- 6 || total
-------------------------+-------+-------++-------
Melee: Short sword       |    67 |    44 ||   111
       Headbutt          |    10 |     5 ||    15
       Long sword        |       |    10 ||    10
 Fire: Hand crossbow     |     9 |     8 ||    17
Throw: Dart              |       |     1 ||     1
  Use: Scroll            |       |     2 ||     2
       Potion            |       |     3 ||     3
 Stab: Sleeping          |     2 |     1 ||     3
Armor: Leather armour    |    21 |    12 ||    33
Dodge: Dodged            |    64 |    32 ||    96
       Rpst.: Long sword |       |     3 ||     3
